 Dungeon Crawl Stone Soup version 0.16.1-11-g651b585 (webtiles) character file.

266 karlm the Chucker (level 6, -1/66 HPs)
             Began as an Ogre Hunter on Apr 1, 2015.
             Slain by an orc wizard
             ... wielding a +0 dagger
              (2 damage)
             ... on level 3 of the Dungeon.
             The game lasted 00:11:09 (3555 turns).

karlm the Chucker (Ogre Hunter)                     Turns: 3555, Time: 00:11:10

Health: -1/66      AC:  4    Str: 20    XL:     6   Next: 20%
Magic:  6/6        EV: 10    Int: 10    God:
Gold:   107        SH:  0    Dex: 10    Spells: 0 memorised, 5 levels left

rFire  . . .     SeeInvis .     c - +0 mace
rCold  . . .     Clarity  .     d - +0 animal skin
rNeg   . . .     SustAb   .     (shield restricted)
rPois  .         Gourm    .     (helmet restricted)
rElec  .         Spirit   .     j - +0 cloak
rCorr  .         Warding  .     (gloves unavailable)
rMut   .         Stasis   .     (boots unavailable)
MR     .....                    (no amulet)
Stlth  +.........               (no ring)
                                (no ring)

@: lethally poisoned (-1 -> -9), not resistant to hostile enchantments, very
unstealthy
A: unfitting armour, tough skin 1
a: no special abilities


You were on level 3 of the Dungeon.
You were not hungry.

You visited 1 branch of the dungeon, and saw 4 of its levels.

You collected 107 gold pieces.

Inventory:

Hand weapons
 c - a +0 mace (weapon)
Missiles
 b - 5 large rocks (quivered)
 i - 148 stones
Armour
 d - a +0 animal skin (worn)
 j - a +0 cloak (worn)
Scrolls
 a - 2 scrolls of enchant weapon {unknown}
 h - 3 scrolls of identify {unknown}
 l - 2 scrolls of immolation {unknown}
 o - 3 scrolls of remove curse {unknown}
Comestibles
 f - 2 meat rations
 k - a beef jerky
 m - 9 chunks of flesh


   Skills:
 * Level 5.4 Fighting
 * Level 3.6 Maces & Flails
 + Level 5.4 Throwing
 + Level 2.5 Dodging
 - Level 1.0 Stealth


You had 5 spell levels left.
You didn't know any spells.

Dungeon Overview and Level Annotations

Branches:
Dungeon (4/15)
 Temple: D:4-7

Altars:
Ashenzari
Dithmenos
Elyvilon
Qazlal
Yredelemnul


Innate Abilities, Weirdness & Mutations

You are too large for most types of armour.
You have tough skin (AC +1).


Message History

* * * LOW HITPOINT WARNING * * *
The orc priest mumbles some strange prayers to Beogh against you.
Something smites you!
* * * LOW HITPOINT WARNING * * *
Drink which item? (? for menu, Esc to quit)
You feel better. Something hits you but does no damage.
You hear some strange, mumbled words.
The puff of frost misses you.
Drink which item? (? for menu, Esc to quit)
It was a potion of poison.
That liquid tasted very nasty...
You are poisoned.
* * * LOW HITPOINT WARNING * * *
You feel sick. Something hits you.
* * * LOW HITPOINT WARNING * * *
You miss something.
* * * LOW HITPOINT WARNING * * *
You feel sick. Something hits you.
* * * LOW HITPOINT WARNING * * *
Something hits you.
You die...

.###..###.#.# #...###...##
.≈≈#..# #.#)##### ###.#....##...
..≈#..# #.#.....## #...####..####
......###.#####..###.#####....###
.♣....##..# ##.........#.....##
....#.#..#######.#####...........
..≈##.#.........)................
.≈≈##....#.###########..........#
.###............@{o..........<...
....###.##.##########.....#.###..
....##..#..# ##......##...
....##..#.## #.....###...
....##....# #..o..# ##..
....##.#..# #.....# #.#
...###.#..# #.%....(...# ...#
#.#..# ###.####.#.. ##.###.#..###
.# #.#.#


You could see an orc priest.

Vanquished Creatures
  A hound (D:3)
  2 orc priests (D:3)
  An orc wizard (D:3)
  6 adders
  A giant mite (D:3)
  A worm (D:2)
  4 giant geckos
  7 orcs (D:3)
  5 giant cockroaches
  5 hobgoblins
  12 kobolds
  5 bats
  4 giant newts
  9 goblins
  9 jackals
  8 rats
80 creatures vanquished.

Vanquished Creatures (others)
  A quokka (D:3)
1 creature vanquished.

Grand Total: 81 creatures vanquished

Notes
Turn   | Place    | Note
--------------------------------------------------------------
     0 | D:1      | karlm, the Ogre Hunter, began the quest for the Orb.
     0 | D:1      | Reached XP level 1. HP: 22/22 MP: 1/1
   165 | D:1      | Reached skill level 1 in Stealth
   211 | D:1      | Reached skill level 1 in Maces & Flails
   211 | D:1      | Reached XP level 2. HP: 11/29 MP: 2/2
  1204 | D:1      | Reached XP level 3. HP: 32/37 MP: 3/3
  1762 | D:2      | Reached skill level 5 in Throwing
  1888 | D:2      | Found a shattered altar of Ashenzari.
  1897 | D:2      | Reached XP level 4. HP: 45/48 MP: 4/4
  2187 | D:2      | Found a stormy altar of Qazlal.
  2569 | D:3      | Noticed a phantom
  2655 | D:3      | Found a basalt altar of Yredelemnul.
  2656 | D:3      | You fall through a shaft!
  2692 | D:3      | Reached XP level 5. HP: 20/55 MP: 5/5
  3157 | D:3      | Found a white marble altar of Elyvilon.
  3248 | D:3      | Reached skill level 5 in Fighting
  3357 | D:3      | Found a shadowy altar of Dithmenos.
  3489 | D:3      | Reached XP level 6. HP: 56/66 MP: 6/6
  3552 | D:3      | HP: 1/66 [orc priest/divine providence (15)]
  3555 | D:3      | Slain by an orc wizard

Action                   |  1- 3 |  4- 6 || total
-------------------------+-------+-------++-------
Melee: Whip              |   122 |   164 ||   286
       Short sword       |     9 |       ||     9
       Mace              |       |    40 ||    40
Throw: Large rock        |    11 |    15 ||    26
       Stone             |       |    12 ||    12
       Throwing net      |       |     6 ||     6
  Use: Potion            |       |     6 ||     6
 Stab: Held in net/web   |       |     3 ||     3
       Sleeping          |       |     1 ||     1
  Eat: Chunk             |     3 |     6 ||     9
